[Event "Late-Titled-Tuesday-Blitz-January-23-2024"]
[Site "Chess.com"]
[Date "2024.01.23"]
[Round "1"]
[White "Aleksandar-Topalov"]
[Black "wadsy27"]
[Result "1/2-1/2"]
[WhiteElo "2358"]
[BlackElo "2652"]
[TimeControl "180+1"]
[EndTime "14:07:54 PST"]
[Termination "Game drawn - insufficient material"]

1. b3 d5 2. Bb2 Bg4 3. g3 Nf6 4. Bg2 e6 5. Nf3 Nbd7 6. O-O c6 7. d3 a5 8. a3 Bd6 9. Nbd2 Qe7 10. h3 Bh5 11. e4 dxe4 12. dxe4 e5 13. Qe2 O-O 14.
g4 Bg6 15. Nh4 Rfd8 16. Nc4 Bc7 17. Nf5 Bxf5 18. exf5 Nd5 19. Rfe1 Nf4 20. Qf3 Nxg2 21. Kxg2 f6 22. Rad1 Nb6 23. Qe2 Nd5 24. Qf3 b5 25. Ne3 Nf4+ 26. Kh1 Qc5 27. h4 Rxd1 28. Rxd1 Rd8 29.
Rxd8+ Bxd8 30. Qd1 Qe7 31. Ng2 Nxg2 32. Kxg2 Bb6 33.
Bc1 Bc5 34. a4 bxa4 35. bxa4 Bd4 36. Qd3 Qc5 37. Qb3+ Qd5+ 38. Qxd5+ cxd5 39. Bd2 Bb6 40. f3 Kf7 41. Kf1 g6 42. fxg6+ hxg6 43. Ke2 f5 44.
Kd3 Bd8 45. c4 dxc4+ 46. Kxc4 Ke6 47. Kc5 Bxh4 48. gxf5+ gxf5 49. Bxa5 Bf2+ 50. Kc4 e4 51. fxe4 fxe4 52. Bd2 e3 53. Bxe3 Bxe3 54. a5 Kd6 55.
a6 Ba7 56. Kb5 Kc7 57. Kc4 Kc6 58. Kb3 Kb6 59. Kc2 Kxa6 1/2-1/2

[Event "Late-Titled-Tuesday-Blitz-January-23-2024"]
[Site "Chess.com"]
[Date "2024.01.23"]
[Round "1"]
[White "Road2GM3000"]
[Black "IlanSchnaider"]
[Result "1-0"]
[WhiteElo "2450"]
[BlackElo "2753"]
[TimeControl "180+1"]
[EndTime "14:07:55 PST"]
[Termination "Road2GM3000 won by checkmate"]

1. d4 Nf6 2. c4 g6 3. Nc3 d5 4. Bg5 Ne4 5. Bh4 Nxc3 6. bxc3 dxc4 7. e3 c5 8. Bxc4 Bg7 9. Nf3 O-O 10. O-O b6 11.
dxc5 Qc7 12. Bd5 Bb7 13. Bg3 Qc8 14. cxb6 axb6 15. Bxb7 Qxb7 16. Qb3 Nd7 17. Rab1 Ra6 18. c4 e6 19. Rfd1 Rfa8 20. Qb5 Nf6 21. c5 Ne4 22. c6 Qc8 23. c7 Bf6 24. Be5 Be7 25. Qd7 Qf8 26. Rbc1 Nc5 27. Qc6 Rc8 28. h3 f6 29.
Bg3 Kf7 30. Nd4 e5 31. Nb5 Kg7 32. Nd6 Bxd6 33. Rxd6 Ra7 34. Qxb6 Raxc7 35. Rcd1 Qf7 36. Qb4 Ne4 37. Qxe4 Rc4 38. Qd3 Rc3 39. Qe2 R3c7 40. Qg4 f5 41. Bxe5+ Kg8 42. Rd8+ Rxd8 43. Rxd8+ Qf8 44.
Rxf8+ Kxf8 45. Bxc7 fxg4 46. hxg4 h5 47. gxh5 gxh5 48.
Kh2 h4 49. Kh3 Ke7 50. Kxh4 Kd7 51. Bf4 Kc6 52. g4 Kd5 53. g5 Ke6 54. Kh5 Kf7 55.
g6+ Kg8 56. Kg5 Kh8 57. a3 Kg8 58. a4 Kg7 59. a5 Kg8 60. a6 Kg7 61. a7 Kf8 62.
a8=Q+ Kg7 63. Qa7+ Kf8 64. Kf6 Ke8 65. Qe7# 1-0

[Event "Late-Titled-Tuesday-Blitz-January-23-2024"]
[Site "Chess.com"]
[Date "2024.01.23"]
[Round "1"]
[White "JackRodgers"]
[Black "SEBAZZANO"]
[Result "1-0"]
[WhiteElo "2576"]
[BlackElo "2212"]
[TimeControl "180+1"]
[EndTime "14:07:55 PST"]
[Termination "JackRodgers won on time"]

1. d4 Nf6 2. Bg5 Ne4 3. h4 d5 4. Nd2 Nxd2 5. Bxd2 e6 6. e3 c5 7. dxc5 Bxc5 8. Bc3 O-O 9. Bd3 Nc6 10. Nf3 Bb4 11.
Bxh7+ Kxh7 12. Ng5+ Kg6 13. Qg4 Bxc3+ 14. bxc3 f5 15.
Qg3 Kh6 16. O-O Qf6 17. Rab1 f4 18. exf4 Qxf4 19. Qd3 Qf5 20. Qd2 Qf4 21. Qd3 Qf5 22.
Qe3 Qf4 23. Qc5 Ne5 24. Nh3 Qf5 25. Rfe1 b6 26. Qe3+ Kh7 27. Ng5+ Kg8 28. Qxe5 Qxe5 29. Rxe5 Re8 30. Rbe1 Bd7 31. Nxe6 Bxe6 32. Rxe6 Rxe6 33. Rxe6 Rc8 34. Re7 Rxc3 35. Rxa7 Rxc2 36. a4 d4 37. Rd7 Ra2 38. Rxd4 Kf7 39. g3 Kf6 40. Rb4 Ke5 41. Rxb6 Rxa4 42. Rg6 Ra7 43. Kg2 Kf5 44. h5 Re7 45.
g4+ Kf4 46. Kh3 Kf3 47. Kh4 Kxf2 48. g5 Re4+ 49. Kh3 Re3+ 50. Kh2 1-0

[Event "Late-Titled-Tuesday-Blitz-January-23-2024"]
[Site "Chess.com"]
[Date "2024.01.23"]
[Round "1"]
[White "Hikaru"]
[Black "HackingKid98"]
[Result "1-0"]
[WhiteElo "3304"]
[BlackElo "2544"]
[TimeControl "180+1"]
[EndTime "14:07:58 PST"]
[Termination "Hikaru won by checkmate"]

1. Nf3 d5 2. c4 e6 3. e3 Nf6 4. b3 c6 5. Bb2 Bd6 6. d4 O-O 7.
Nbd2 Nbd7 8. Bd3 Qc7 9. e4 e5 10. cxd5 cxd5 11. O-O exd4 12. Rc1 Qb8 13. Bxd4 Ne5 14.
Bxe5 Bxe5 15. exd5 Bg4 16. h3 Bh5 17. g4 Bg6 18.
Bxg6 hxg6 19. Nc4 Bf4 20. Rc3 Rd8 21. Rd3 b5 22. Na5 Qb6 23. Nc6 Rd7 24. Re1 Qc5 25. g5 Bg3 26. Ncd4 Bxf2+ 27. Kxf2 Nxd5 28. Re5 Rad8 29. Qe1 Qc7 30. Re8+ Kh7 31. Rxd8 Rxd8 32. Ne2 Qc5+ 33.
Rd4 Re8 34. Qd2 Nb6 35. Kg2 Qf5 36. Ng3 Qe6 37. h4 Qc8 38. h5 gxh5 39. Nxh5 Kg8 40. Ng3 Qe6 41. Re4 Qc8 42. Rxe8+ Qxe8 43. g6 fxg6 44. Qd3 Qc6 45. Qe4 Qxe4 46. Nxe4 Nd5 47. Nd4 a6 48. Nc5 a5 49. Nxb5 Nb4 50. a3 Nc6 51.
Kf3 Kf7 52. Ke4 g5 53. Nd4 Ne7 54. Nb7 a4 55. bxa4 Nc8 56. a5 Ke7 57. a6 Kd7 58. a4 Kc7 59. a5 Kb8 60. Nc5 Ka7 61. Nb5+ Kb8 62. Nd7+ Ka8 63. Nb6+ Kb8 64. Kf3 g4+ 65. Kxg4 g6 66. Nd7+ Ka8 67. Kg5 Na7 68. Nc7# 1-0

[Event "Late-Titled-Tuesday-Blitz-January-23-2024"]
[Site "Chess.com"]
[Date "2024.01.23"]
[Round "1"]
[White "GMFYHR1"]
[Black "ContrVersia"]
[Result "0-1"]
[WhiteElo "2462"]
[BlackElo "2857"]
[TimeControl "180+1"]
[EndTime "14:07:59 PST"]
[Termination "ContrVersia won by resignation"]

1. d4 Nf6 2. c4 c5 3. e3 g6 4. Nf3 Bg7 5. Nc3 O-O 6. Bd3 cxd4 7. exd4 d5 8. cxd5 Nxd5 9. O-O Nc6 10. Bc4 Nb6 11. Bb3 Bg4 12. Be3 Bxd4 13. Bxd4 Bxf3 14. Qxf3 Qxd4 15. Rad1 Qb4 16. Rfe1 e6 17. Ne4 Rad8 18.
Nf6+ Kg7 19. Ng4 f5 20. Ne3 e5 21. a3 Qe7 22. Nd5 Nxd5 23. Bxd5 e4 24. Qc3+ Qf6 25. Qb3 b6 26. Qa4 Ne5 27. Qxa7+ Rd7 28. Qa4 Rfd8 29. Bb3 Nd3 30. Rf1 Nc5 31. Rxd7+ Rxd7 32. Qc4 Qxb2 33. Qg8+ Kh6 34. Bc4 Qg7 35. Qb8 Qf6 36. Qf4+ Kg7 37.
Qb8 Rd8 38. Qc7+ Rd7 39. Qb8 h5 40. h3 h4 41. Qf4 Qe7 42. Qb8 Qd6 43. Qg8+ Kh6 44.
Qh8+ Kg5 45. Qc3 Qd4 46. Qb4 Rd6 47. Rc1 f4 48. Qb5 e3 49. fxe3 Qxe3+ 50. Kh2 Qxc1 0-1

[Event "Late-Titled-Tuesday-Blitz-January-23-2024"]
[Site "Chess.com"]
[Date "2024.01.23"]
[Round "1"]
[White "Sacbutt"]
[Black "Fonsofan"]
[Result "1-0"]
[WhiteElo "2362"]
[BlackElo "2637"]
[TimeControl "180+1"]
[EndTime "14:08:00 PST"]
[Termination "Sacbutt won on time"]

1. d4 Nf6 2. c4 e6 3. Nf3 b6 4. g3 Bb7 5. Bg2 Bb4+ 6. Bd2 Qe7 7. O-O Bxd2 8. Qxd2 d6 9. Nc3 Nbd7 10. Qc2 c5 11. e3 O-O 12. b3 Rac8 13. Rfe1 cxd4 14. exd4 d5 15. Ne5 Rc7 16. Qe2 dxc4 17. Bxb7 Rxb7 18.
bxc4 Rc8 19. Nf3 Qb4 20. Nb5 a6 21. Rab1 Qf8 22. Nc3 Rbc7 23. Nd2 Qd6 24. Qe3 Ng4 25. Qf4 Qxf4 26. gxf4 Nh6 27. Na4 Rc6 28. d5 exd5 29.
cxd5 Rg6+ 30. Kf1 b5 31. Nb2 Rd6 32. a4 Rxd5 33. Nf3 b4 34. Red1 Rxd1+ 35. Rxd1 Nf8 36. Rd4 Rb8 37. Ne5 Nf5 38. Rc4 Ne6 39. Nc6 Rb7 40. Nxb4 g6 41. N2d3 a5 42. Nd5 Kg7 43. Nc5 Rb1+ 44.
Kg2 Ned4 45. Ne3 Nh4+ 46. Kg3 Nhf5+ 47. Nxf5+ Nxf5+ 48. Kg2 Rb2 49. Kf3 Kh6 50. Ne4 Rb3+ 51. Kg2 Nh4+ 52. Kf1 Ra3 53. Nd6 Nf3 54. Kg2 Nh4+ 55.
Kf1 Nf3 56. Kg2 Nd2 57. Rd4 1-0

[Event "Late-Titled-Tuesday-Blitz-January-23-2024"]
[Site "Chess.com"]
[Date "2024.01.23"]
[Round "1"]
[White "jefferyx"]
[Black "zverr1"]
[Result "1-0"]
[WhiteElo "3005"]
[BlackElo "2513"]
[TimeControl "180+1"]
[EndTime "14:08:01 PST"]
[Termination "jefferyx won on time"]

1. e4 c5 2. Nf3 g6 3. c3 Bg7 4.
d4 cxd4 5. cxd4 d5 6. e5 a6 7. Be2 Nc6 8. O-O Bg4 9. Nbd2 e6 10.
h3 Bxf3 11. Nxf3 Nge7 12. Bd3 O-O 13. Re1 Rc8 14. Bg5 Qd7 15. Qd2 f6 16. exf6 Bxf6 17.
Qe3 Nb4 18. Rad1 Nxd3 19. Rxd3 Bxg5 20. Nxg5 Rc2 21. Rd2 Nf5 22. Qd3 Rxd2 23. Qxd2 Re8 24.
Nf3 Nd6 25. Rc1 Rc8 26. Ne5 Rxc1+ 27. Qxc1 Qc8 28. Qg5 Qf8 29. Nd7 Ne4 30. Qh4 Qf7 31. Qd8+ Kg7 32. f3 Ng3 33. Ne5 Qf6 34. Qd7+ Kg8 35. Qc8+ Kg7 36. Qxb7+ Kg8 37. Qa8+ Kg7 38. Qxa6 Qf4 39. Qa7+ Kg8 40. Qb8+ Kg7 41. Qc7+ Kg8 42.
Qd8+ Kg7 43. Qe7+ Kg8 44. Qxe6+ Kg7 45. Qd7+ Kg8 46. Qxd5+ Kg7 47. Ng4 Qc1+ 48. Kf2 Nh1+ 49. Ke2 Ng3+ 50. Kd3 Qd1+ 51. Kc4 Qc2+ 52. Kb5 Qxb2+ 53.
Kc6 Qc3+ 54. Kd7 Nf5 55. Qe5+ Kg8 56. Nf6+ Kg7 57. Ne4+ Kh6 58. Nxc3 1-0

[Event "Late-Titled-Tuesday-Blitz-January-23-2024"]
[Site "Chess.com"]
[Date "2024.01.23"]
[Round "1"]
[White "BardArtem"]
[Black "eCztery"]
[Result "1-0"]
[WhiteElo "2824"]
[BlackElo "2452"]
[TimeControl "180+1"]
[EndTime "14:08:02 PST"]
[Termination "BardArtem won by resignation"]

1. e4 c5 2. c3 g6 3. d4 cxd4 4. cxd4 Bg7 5. Nc3 d5 6. exd5 Nf6 7. Bb5+ Nbd7 8. d6 exd6 9. Nf3 O-O 10. O-O Nb6 11. h3 d5 12. Re1 Bf5 13. Bf4 Rc8 14. Bd3 Qd7 15. Ne5 Qd8 16. Bxf5 gxf5 17. Bg5 Qd6 18.
Bxf6 Qxf6 19. a4 Rfe8 20. a5 Nc4 21. Nxd5 Qd6 22. Nxc4 Rxe1+ 23. Qxe1 Qxd5 24. Ne3 Qe4 25. Rc1 Re8 26. Qd2 Bxd4 27. Re1 Qf4 28. Re2 Rd8 29.
Qd3 Bb6 30. Qc3 Bxe3 31. Rxe3 Rd1+ 32. Re1 Rxe1+ 33. Qxe1 Qe4 34. Qc3 h6 35. Kh2 a6 36.
Qe3 Kg7 37. Kg3 Qb4 38. Qc3+ Qxc3+ 39. bxc3 Kf6 40. Kf4 h5 41. h4 Ke6 42. Kg5 Kd5 43. Kxh5 b5 44. Kg5 Kc4 45. h5 f6+ 46. Kf4 Kxc3 47.
h6 b4 48. h7 b3 49. h8=Q b2 50. Qc8+ Kd2 51. Qb7 Kc1 52. Qc6+ Kd2 53. Qb6 Kc1 54. Qc5+ Kd2 55. Qb4+ Kc2 56. Qc4+ Kd2 57. Qb3 Kc1 58. Qc3+ Kb1 59. Ke3 Ka2 60. Qc4+ Ka3 61. Qc2 f4+ 62. Kd3 Ka2 63. Kc3 1-0

[Event "Late-Titled-Tuesday-Blitz-January-23-2024"]
[Site "Chess.com"]
[Date "2024.01.23"]
[Round "1"]
[White "tigurones"]
[Black "TigrVShlyape"]
[Result "0-1"]
[WhiteElo "2501"]
[BlackElo "2947"]
[TimeControl "180+1"]
[EndTime "14:08:03 PST"]
[Termination "TigrVShlyape won by resignation"]

1. d4 f5 2. g3 Nf6 3. Bg2 g6 4. Nh3 Bg7 5. O-O O-O 6. c4 d6 7. Nc3 e5 8. dxe5 dxe5 9. e4 Nc6 10. Bg5 Nd4 11. f4 h6 12. Bxf6 Qxf6 13. Nd5 Qd6 14.
fxe5 Bxe5 15. Nhf4 Kg7 16. Nd3 c5 17. Nxe5 Qxe5 18.
Qd3 Be6 19. Nf4 Rad8 20. Nxe6+ Nxe6 21. Qb3 f4 22. Rad1 b6 23. Rd5 Rxd5 24. exd5 Nd4 25. Qd3 Qe3+ 26. Qxe3 fxe3 27. Rxf8 Kxf8 28. Kf1 Ke7 29.
Ke1 Kd6 30. Be4 g5 31. b3 Ke5 32. Bb1 b5 33. Bd3 bxc4 34. bxc4 a5 35. Bb1 a4 36. a3 h5 37. Bd3 h4 38. gxh4 gxh4 39. h3 Kf6 40.
Bb1 Ke7 41. Bd3 Kd6 42. Bb1 Ke5 43. Bd3 Nf3+ 44. Ke2 Ng1+ 45. Kxe3 Nxh3 46. Kf3 Nf4 47. Bf1 Ng6 48. Kg4 Kd6 49. Bd3 Ne5+ 50. Kxh4 Nxd3 51. Kg5 Nb2 52. Kf4 Nxc4 53. Kf3 Nxa3 0-1

[Event "Late-Titled-Tuesday-Blitz-January-23-2024"]
[Site "Chess.com"]
[Date "2024.01.23"]
[Round "1"]
[White "toninhojit"]
[Black "platy3"]
[Result "0-1"]
[WhiteElo "2475"]
[BlackElo "2872"]
[TimeControl "180+1"]
[EndTime "14:08:03 PST"]
[Termination "platy3 won by resignation"]

1. d4 Nf6 2. c4 e6 3. Nf3 Bb4+ 4. Bd2 a5 5. g3 b6 6. Bg2 Bb7 7. O-O O-O 8. Nc3 d6 9. a3 Bxc3 10. Bxc3 a4 11. d5 e5 12. Ne1 Nbd7 13. Nd3 b5 14.
cxb5 Nb6 15. e4 Qd7 16. Rc1 Qxb5 17. Nb4 Nfd7 18. Re1 Nc5 19. Bf1 Qd7 20. Qh5 Rfe8 21.
Rcd1 f6 22. Bh3 Qf7 23. Qh4 g5 24. Qh6 Qg6 25. Qxg6+ hxg6 26. Nd3 Nxd3 27. Rxd3 Bc8 28. Bxc8 Rexc8 29. Rc1 c5 30. dxc6 Rxc6 31. Bd2 Nc4 32. Bb4 Nxb2 33. Rxc6 Nxd3 34. Bxd6 Kf7 35. Rc3 Nb2 36.
Rc7+ Ke6 37. Bb4 f5 38. Rc6+ Kf7 39. Bc3 Nd3 40. exf5 gxf5 41. Rd6 e4 42. Rf6+ Ke7 43. Rxf5 Rc8 44. Bb4+ Nxb4 45. axb4 Ra8 46. Rc5 a3 47. Rc1 a2 48. Ra1 Kd6 49. Kf1 Kc6 50. Ke1 Kb5 51. Kd2 Ra3 52. Kc2 Kxb4 53. Kb2 Rf3 54.
Kxa2 Rxf2+ 55. Kb1 Kb3 0-1

[Event "Late-Titled-Tuesday-Blitz-January-23-2024"]
[Site "Chess.com"]
[Date "2024.01.23"]
[Round "1"]
[White "emeli_chess"]
[Black "rezamahdavi2008"]
[Result "0-1"]
[WhiteElo "2461"]
[BlackElo "2854"]
[TimeControl "180+1"]
[EndTime "14:08:06 PST"]
[Termination "rezamahdavi2008 won by resignation"]

1. d4 Nf6 2. c4 e6 3. Nc3 Bb4 4. Qc2 d5 5. cxd5 exd5 6. Bg5 h6 7. Bxf6 Qxf6 8. a3 Bxc3+ 9. Qxc3 O-O 10. e3 c6 11. Nf3 Bf5 12. Be2 Nd7 13. O-O h5 14. b4 a6 15. Rfc1 g6 16. Ra2 Rfe8 17. Ne1 Nb6 18.
Nd3 Bxd3 19. Bxd3 h4 20. h3 Kg7 21. a4 Nd7 22. Rb2 Rec8 23. Be2 Qe7 24. Bf3 Nf6 25. Qc5 Qe6 26. Rbc2 Nd7 27. Qc3 Nb6 28. Qb3 Nc4 29.
b5 cxb5 30. axb5 a5 31. Bxd5 Qxd5 32. Rxc4 a4 33. Qb4 Rxc4 34. Qxc4 Qd6 35. Ra1 a3 36.
Ra2 Ra5 37. Qb3 b6 38. e4 Qf4 39. d5 Qc1+ 40. Kh2 Qc5 41. g3 Qd4 42. Kg2 Qxe4+ 43. Kh2 Qd4 44. Kg2 hxg3 45. Kxg3 Qc5 46. Kg2 Rxb5 47. Qxa3 Qxd5+ 48. f3 Qg5+ 49. Kf2 Qh4+ 50.
Kg2 Rg5+ 51. Kf1 Qxh3+ 52. Ke2 Rg2+ 53. Ke3 Qe6+ 54. Kd3 Rxa2 55. Qxa2 Qxa2 0-1

[Event "Late-Titled-Tuesday-Blitz-January-23-2024"]
[Site "Chess.com"]
[Date "2024.01.23"]
[Round "1"]
[White "Arteler"]
[Black "ChristopherYoo"]
[Result "1-0"]
[WhiteElo "2525"]
[BlackElo "2970"]
[TimeControl "180+1"]
[EndTime "14:08:07 PST"]
[Termination "Arteler won on time"]

1. e4 c5 2. Nf3 d6 3. Bb5+ Bd7 4. Bxd7+ Nxd7 5. O-O Ngf6 6. Re1 e6 7. c3 Be7 8. d4 O-O 9. h3 Rc8 10. e5 Ne8 11.
Bf4 cxd4 12. cxd4 dxe5 13. dxe5 Nc5 14. Nd4 Nc7 15. Nc3 Nd5 16. Nxd5 Qxd5 17. Nf5 Rfe8 18. Qxd5 exd5 19. Red1 Ne6 20. Be3 Bc5 21. Rxd5 Bxe3 22.
Nxe3 Rc7 23. Rad1 h5 24. g3 h4 25. gxh4 Kh7 26. Rd7 Rec8 27. Kg2 Nf8 28. Rd8 Ng6 29. Rxc8 Rxc8 30. Rd7 Nxe5 31. Rxb7 a6 32. Ng4 Ng6 33. Kg3 f5 34. h5 Nf8 35. Ne3 Rc5 36. Rf7 f4+ 37. Rxf4 Ne6 38. Ra4 a5 39. Re4 Ng5 40.
Re7 Kh6 41. Ng4+ Kxh5 42. h4 Nh7 43. Rxg7 Nf8 44. Rg5+ Rxg5 45. hxg5 Kxg5 46. Ne3 Ne6 47. Kf3 Nc5 48. b3 Nd3 49. Nc4 Nc1 50. Nxa5 Nxa2 51. Ke4 Nc3+ 52. Kd4 Na2 53. Nc6 Kf4 54. Ne5 Kf5 55.
Nd3 Kg4 56. b4 Kf3 57. b5 Ke2 58. b6 1-0

[Event "Late-Titled-Tuesday-Blitz-January-23-2024"]
[Site "Chess.com"]
[Date "2024.01.23"]
[Round "1"]
[White "larsmandreassen"]
[Black "santosalberto1987"]
[Result "0-1"]
[WhiteElo "2170"]
[BlackElo "2568"]
[TimeControl "180+1"]
[EndTime "14:08:07 PST"]
[Termination "santosalberto1987 won on time"]

1. d4 d5 2. Nf3 Nf6 3. c4 c6 4.
Nc3 dxc4 5. e4 b5 6. e5 Nd5 7. a4 e6 8. axb5 Nxc3 9. bxc3 cxb5 10. Ng5 Bb7 11. Qh5 g6 12. Qg4 h6 13. Ne4 Bxe4 14.
Qxe4 Qd5 15. Qf4 g5 16. Qf6 Rg8 17. Be2 Bg7 18. Qf3 Nc6 19. Ra6 Rc8 20. Qxd5 exd5 21. Bf3 Nxe5 22. dxe5 Bxe5 23. Bxd5 Bxc3+ 24. Ke2 Rc7 25.
Be3 Bb2 26. Bxa7 b4 27. Bc6+ Kf8 28. Bc5+ Kg7 29. Bxb4 Rgc8 30. Be4 Re8 31. Kf3 c3 32. g4 Rc4 33. Bc6 Rc8 34. Bd7 Rd8 35. Rd6 Rxb4 36. Bf5 Rxd6 37. h4 Rc4 38. hxg5 hxg5 39. Bc2 Rd2 40.
Bb3 Rf4+ 41. Ke3 Rdxf2 42. Rh5 f6 43. Rh1 R2f3+ 44. Ke2 Rg3 45. Rd1 Rgxg4 46. Rd7+ Kg6 47. Bf7+ Kh6 48. Bg8 Rg2+ 49. Ke3 c2 50. Rh7+ Kg6 51.
Rh8 c1=Q+ 0-1

[Event "Late-Titled-Tuesday-Blitz-January-23-2024"]
[Site "Chess.com"]
[Date "2024.01.23"]
[Round "1"]
[White "JoakimVonAnd"]
[Black "mbchess97"]
[Result "1/2-1/2"]
[WhiteElo "2628"]
[BlackElo "2335"]
[TimeControl "180+1"]
[EndTime "14:08:08 PST"]
[Termination "Game drawn by repetition"]

1. Nf3 Nf6 2. c4 e6 3. e3 d5 4.
Nc3 Be7 5. b3 O-O 6. Bb2 c5 7.
cxd5 exd5 8. d4 Nc6 9. Be2 Ne4 10. O-O cxd4 11. Nxd4 Nxd4 12. exd4 Bf5 13. Bf3 Rc8 14. Bxe4 dxe4 15. Qe2 Re8 16. Nxe4 Bxe4 17. Qxe4 Ba3 18. Qb1 Bd6 19. Re1 Qh4 20. g3 Qg4 21. Qd3 h5 22. d5 Bc5 23. d6 Red8 24. Be5 h4 25. Rad1 hxg3 26. Qxg3 Qxg3+ 27. Bxg3 Rc6 28. Re7 Bxd6 29. Rxb7 a6 30. Kg2 Kf8 31. Ra7 Be7 32. Rxd8+ Bxd8 33. Ra8 Ke8 34. Bh4 f6 35. Bg3 Kd7 36. h4 g6 37.
Ra7+ Ke6 38. Rg7 g5 39. hxg5 fxg5 40. Rg6+ Bf6 41. Rh6 Kf5 42. Rh7 Rc2 43. a4 Rb2 44.
Rb7 Bd4 45. Rb4 Ke4 46. a5 g4 47. Bh4 Ra2 48. Bf6 Rxf2+ 49. Kg3 Rxf6 50. Kxg4 Kd3 51. Rc4 Rd6 52. Kf5 Bc3 53. Rc5 Rf6+ 54. Kg5 Rd6 55. Kf5 Bb4 56. Rc4 Bc3 57. Rc5 1/2-1/2

[Event "Late-Titled-Tuesday-Blitz-January-23-2024"]
[Site "Chess.com"]
[Date "2024.01.23"]
[Round "1"]
[White "rynos0411"]
[Black "SpeedofLight0"]
[Result "0-1"]
[WhiteElo "2500"]
[BlackElo "2940"]
[TimeControl "180+1"]
[EndTime "14:08:09 PST"]
[Termination "SpeedofLight0 won by resignation"]

1. e4 c6 2. d4 d5 3. exd5 cxd5 4. Bd3 Nc6 5. c3 Nf6 6. Nf3 Bg4 7. Bf4 e6 8. Nbd2 Bd6 9. Bxd6 Qxd6 10. Qb3 O-O 11. O-O Rab8 12. Rfe1 Bxf3 13. Nxf3 b5 14. Ne5 Nd7 15.
Nxd7 Qxd7 16. Bxb5 Qc7 17. Qa4 Ne7 18. Rab1 Nf5 19.
Bd3 Nd6 20. Qc2 g6 21. h4 Rb6 22. h5 Kg7 23. Re3 Qe7 24. Rg3 Qf6 25. Rf3 Qh4 26. Rh3 Qg5 27. Qe2 Rfb8 28. Rg3 Qf4 29. Rg4 Qf6 30. g3 a5 31. Kg2 a4 32. Rf4 Qg5 33. Rg4 Qf6 34. Qc2 Nc4 35. Bxc4 dxc4 36.
Rf4 Qg5 37. hxg6 hxg6 38. Qe2 Qd5+ 39. Qf3 Qxf3+ 40. Kxf3 Rxb2 41. Rxb2 Rxb2 42. d5 exd5 43. Rd4 Rxa2 44. Rxd5 Rc2 45. Ra5 Rxc3+ 46. Ke4 Ra3 47. Kd4 c3 48. Kd3 Ra2 49. f4 Rg2 50.
Kxc3 Rxg3+ 51. Kd4 a3 52. Ke4 Kh6 53. Ra6 f5+ 54. Kd4 Kh5 55. Ra8 Kg4 56. Ke5 Re3+ 57. Kf6 Kxf4 58. Kxg6 Kg4 59. Kf6 f4 60. Rg8+ Kf3 61.
Kf5 Rb3 62. Rh8 Ke3 63. Re8+ Kd2 64. Kxf4 a2 65. Ra8 Rb2 66. Ke4 Kc2 67. Kd4 Kb1 0-1

[Event "Late-Titled-Tuesday-Blitz-January-23-2024"]
[Site "Chess.com"]
[Date "2024.01.23"]
[Round "1"]
[White "sakkikuska"]
[Black "esrosenberg"]
[Result "1-0"]
[WhiteElo "2657"]
[BlackElo "2347"]
[TimeControl "180+1"]
[EndTime "14:08:10 PST"]
[Termination "sakkikuska won by checkmate"]

1. e4 g6 2. d4 Bg7 3. Nf3 d6 4.
Be2 a6 5. O-O Nf6 6. Nc3 O-O 7.
h3 b5 8. e5 Ne8 9. Bg5 h6 10. Be3 Bb7 11. Qd2 Kh7 12. exd6 cxd6 13. d5 Nf6 14. a3 Nbd7 15. Rad1 Rc8 16. Nd4 Nb6 17. Bf3 Nc4 18. Qe2 Nxb2 19. Rb1 Nc4 20. a4 Qa5 21. Nb3 Qxc3 22. Bd4 Qb4 23. Nc5 dxc5 24. Rxb4 cxb4 25. axb5 axb5 26. Rb1 Bxd5 27.
Bxf6 Bxf3 28. Qxe7 Bd5 29. Bxg7 Kxg7 30. Qxb4 Rb8 31.
Qc3+ Kg8 32. Qd4 Rfd8 33. Qf6 Rd6 34. Qf4 Rbb6 35. Qxh6 Be4 36. Re1 Re6 37. c3 b4 38.
cxb4 Rxb4 39. Rd1 Rb8 40. Qf4 Rbe8 41. f3 Bf5 42. Qxc4 Re1+ 43. Rxe1 Rxe1+ 44. Kf2 Re8 45. Qc6 Rd8 46. Qf6 Rd2+ 47. Kg1 Rd1+ 48. Kh2 Rd2 49. h4 Re2 50. h5 Re6 51. Qg5 Kg7 52. h6+ Kh7 53. Qf4 Re7 54. Kg3 Be6 55. Qf6 Kxh6 56.
Qh8+ Kg5 57. Qh4+ Kf5 58. Qf4# 1-0

[Event "Late-Titled-Tuesday-Blitz-January-23-2024"]
[Site "Chess.com"]
[Date "2024.01.23"]
[Round "1"]
[White "vugarrasulov"]
[Black "Vladimir_2020"]
[Result "1/2-1/2"]
[WhiteElo "2924"]
[BlackElo "2728"]
[TimeControl "180+1"]
[EndTime "14:08:11 PST"]
[Termination "Game drawn by repetition"]

1. e4 e5 2. Nf3 Nc6 3. Bc4 Bc5 4. d3 Nf6 5. O-O h6 6. Nc3 d6 7. a3 a6 8. Be3 Bxe3 9. fxe3 O-O 10. Qe1 Be6 11. Nd5 Bxd5 12. exd5 Ne7 13. e4 Ng6 14. Nh4 Nxh4 15. Qxh4 Nh7 16. Qg3 Qg5 17. Qh3 g6 18. Rae1 Kg7 19. Bb3 f5 20. c3 Qg4 21. Qxg4 fxg4 22. Bc2 Ng5 23. b4 a5 24. Rxf8 Kxf8 25. b5 b6 26. Kf2 Kg7 27. Ke3 Rf8 28. d4 h5 29. Bd3 h4 30. Be2 h3 31. gxh3 Rf4 32. hxg4 Rxe4+ 33. Kd3 exd4 34. h4 Nf3 35. Kxe4 Nxe1 36. cxd4 Ng2 37. g5 Nxh4 38. Bg4 Ng2 39. a4 Ne1 40. Be2 Nc2 41. Bd1 Nb4 42. Bb3 Kf7 43.
Ke3 Kg7 44. Kd2 Kf7 45. Bd1 Kg7 46. Bf3 Kf7 47. Kc3 Kg7 48. Kc4 Kf7 49. Be4 Kg7 50. Kc3 Kf7 51. Kd2 Kg7 52. Ke3 Kf7 53. Kf3 Na2 54.
Bc2 Nb4 55. Bb1 Kg7 56. Ke4 Kf7 57. Bd3 Kg7 58. Bc4 Kf7 59. Bb3 Kg7 60. Ke3 Kf7 61.
Ke2 Kg7 62. Kd2 Kf7 63. Kc3 Kg7 64. Bc4 Kf7 65. Kb3 Kg7 66. Kb2 Kf7 67. Kc3 Kg7 68. Kd2 Kf7 69. Kc3 Kg7 70. Kd2 Kf7 71. Kc3 1/2-1/2

[Event "Late-Titled-Tuesday-Blitz-January-23-2024"]
[Site "Chess.com"]
[Date "2024.01.23"]
[Round "1"]
[White "AlexOstrovskiy"]
[Black "GiorgianBarbosa"]
[Result "1-0"]
[WhiteElo "2791"]
[BlackElo "2442"]
[TimeControl "180+1"]
[EndTime "14:08:11 PST"]
[Termination "AlexOstrovskiy won on time"]

1. e4 c5 2. Nc3 g6 3. d4 cxd4 4. Qxd4 Nf6 5. Nf3 Nc6 6. Qd3 d6 7. Nd5 Bg7 8. c3 O-O 9. Bg5 Be6 10. Be2 Ne5 11. Nxe5 dxe5 12. Rd1 Re8 13. O-O Qa5 14.
b4 Qd8 15. Bf3 Rc8 16. Qe3 Bxd5 17. exd5 a6 18. Qxe5 Nd7 19. Qe2 Rxc3 20. d6 Bf6 21. dxe7 Bxe7 22. Rfe1 Bxg5 23. Qxe8+ Qxe8 24. Rxe8+ Nf8 25. Bxb7 Rc4 26. Bxa6 Rxb4 27. g3 Ra4 28. Bb5 Rxa2 29. h4 Bf6 30. Rd6 Bg7 31. Bc4 Ra7 32. Rdd8 h5 33.
Kg2 Bh6 34. Rc8 Bg7 35. Red8 Bh6 36. Ra8 Rc7 37. Rdc8 Re7 38. Kf3 Bg7 39. Ra6 Kh7 40. Rac6 Bh6 41. R6c7 Rxc7 42. Rxc7 Bg7 43. Bxf7 Kh6 44.
Kg2 Nh7 45. f3 Nf6 46. Rc6 Kh7 47. Kh3 Bh8 48. g4 hxg4+ 49. fxg4 Kg7 50. Be6 Ne4 51.
Rc7+ Kf6 52. Bc8 g5 53. Rc6+ Ke5 54. h5 Kf4 55. Rc4 1-0

[Event "Late-Titled-Tuesday-Blitz-January-23-2024"]
[Site "Chess.com"]
[Date "2024.01.23"]
[Round "1"]
[White "The_Straightforward_Rook"]
[Black "Hrant_ChessMood"]
[Result "0-1"]
[WhiteElo "2487"]
[BlackElo "2908"]
[TimeControl "180+1"]
[EndTime "14:08:15 PST"]
[Termination "Hrant_ChessMood won by resignation"]

1. e4 c6 2. Nc3 d5 3. Nf3 Bg4 4. h3 Bxf3 5. Qxf3 e6 6. Qg3 Nd7 7. Be2 Qb8 8. Qxb8+ Rxb8 9. d3 Bb4 10. Bd2 Ngf6 11.
a3 Ba5 12. b4 Bc7 13. O-O O-O 14. f4 dxe4 15. Nxe4 Rfd8 16. Nxf6+ Nxf6 17. Be3 Bb6 18. Bxb6 axb6 19. Bf3 Ra8 20. a4 Rd4 21. Rfb1 Rxf4 22.
a5 b5 23. a6 Rxa6 24. Rxa6 bxa6 25. Bxc6 g6 26. c3 Rf5 27. Ra1 Nd5 28. Ra3 Re5 29.
Kf2 Nc7 30. d4 Rf5+ 31. Bf3 h5 32. Ke3 Kf8 33. Bb7 Rf1 34. Bxa6 Re1+ 35. Kf2 Rc1 36.
Bb7 Rc2+ 37. Ke3 Ke7 38. Kd3 Rc1 39. Bf3 f5 40. Kd2 Rf1 41. Ra7 Kd7 42. Be2 Rf2 43. Ke3 Rxg2 44. Bxb5+ Kd6 45. Bf1 Rg3+ 46. Kd2 Rf3 47.
Be2 Rxh3 48. b5 Nd5 49. c4 Nf4 50. Bf3 Rxf3 51. b6 Kc6 52. c5 Nd5 53. Rg7 Rg3 54. Kc2 Nxb6 55. cxb6 Kxb6 56. Re7 Kc6 57. Rxe6+ Kd5 58. Re8 Kxd4 59. Kd2 h4 60. Ke1 Re3+ 61. Kf2 Rxe8 0-1